 Dungeon Crawl Stone Soup version 0.23.0 (webtiles) character file.

Game seed: 7834468073955784004

1988 LostNumber the Poker (level 9, -12/69 HPs)
             Began as a Formicid Skald on Feb 15, 2019.
             Was a Priest of Okawaru.
             Mangled by a mummy (17 damage)
             ... in an ossuary.
             The game lasted 00:13:38 (7844 turns).

LostNumber the Poker (Formicid Skald)               Turns: 7844, Time: 00:13:39

Health: -12/69     AC:  7    Str: 22    XL:     9   Next: 44%
Magic:  13/16      EV: 11    Int: 15    God:    Okawaru [***...]
Gold:   333        SH:  0    Dex: 10    Spells: 9/18 levels left

rFire    . . .     SeeInvis +   F - +0 trident
rCold    . . .     Gourm    .   (no shield)
rNeg     . . .     Faith    .   j - +0 ring mail
rPois    .         Spirit   .   (helmet unavailable)
rElec    .         Reflect  .   D - +0 cloak
rCorr    .         Harm     .   g - +0 pair of gloves
MR       .....                  (no boots)
Stlth    ..........             (no amulet)
HPRegen  0.21/turn              u - ring of wizardry
MPRegen  0.15/turn              (no ring)

@: mighty, marked
A: permanent stasis, dig shafts and tunnels, four strong arms, antennae 3
a: Dig, Shaft Self, Heroism, Renounce Religion


You were in an ossuary.
You worshipped Okawaru.
Okawaru was most pleased with you.
You were hungry.

You visited 1 branch of the dungeon, and saw 8 of its levels.
You also visited: Ossuary.

You collected 547 gold pieces.
You spent 214 gold pieces at shops.

Inventory:

Hand Weapons
 a - a +0 spear
 F - a +0 trident (weapon)
   (You took it off an orc on level 7 of the Dungeon)
Missiles
 p - 2 throwing nets (quivered) {!f}
Armour
 b - a +0 leather armour
 g - a +0 pair of gloves (worn)
   (You found it on level 1 of the Dungeon)
 h - a +0 cloak
   (You took it off Crazy Yiuf on level 3 of the Dungeon)
 j - a +0 ring mail (worn)
   (You found it on level 1 of the Dungeon)
 A - a +1 shield of protection
   (You bought it in a shop on level 5 of the Dungeon)
 D - a +0 cloak (worn)
   (You found it on level 6 of the Dungeon)
Jewellery
 u - a ring of wizardry (left hand)
   (You found it on level 3 of the Dungeon)
 E - an uncursed ring of protection from fire {unknown}
   (You found it on level 7 of the Dungeon)
Wands
 t - a wand of flame (13)
   (You took it off Ijyb on level 3 of the Dungeon)
 v - a wand of digging (3)
   (You found it on level 7 of the Dungeon)
 y - a wand of scattershot (4)
   (You found it on level 5 of the Dungeon)
Scrolls
 d - a scroll of enchant weapon {unknown}
 f - 6 scrolls of teleportation {unknown}
 i - 5 scrolls of remove curse {@r2}
 l - a scroll of magic mapping
 m - a scroll of holy word {unknown}
 o - 2 scrolls of amnesia {unknown}
 q - 4 scrolls of fear {unknown}
 z - a scroll of enchant armour {unknown}
 B - a scroll of blinking {unknown}
 G - a scroll of torment {unknown}
Potions
 c - a potion of brilliance
 k - 2 potions of ambrosia
 n - a potion of lignification {!q}
 r - 2 potions of curing {@q1}
 s - 3 potions of might
 w - 2 potions of mutation {!q}
 x - a potion of flight
Comestibles
 e - 16 rations {!d}


   Skills:
 + Level 5.8 Fighting
 * Level 7.3 Polearms
 - Level 1.1 Armour
 - Level 1.7 Dodging
 + Level 3.7 Shields
 - Level 5.0 Spellcasting
 + Level 1.9 Hexes
 - Level 5.0 Charms
 + Level 1.5 Necromancy
 - Level 3.0 Invocations


You had 9 spell levels left.
You knew the following spells:

 Your Spells              Type           Power        Failure   Level  Hunger
a - Infusion              Chrm           ###.         1%          1    None
e - Regeneration          Chrm/Necr      ##........   9%          3    ###....
q - Shroud of Golubria    Chrm/Tloc      ##........   6%          2    ##.....
t - Spectral Weapon       Hex/Chrm       ##......     8%          3    ###....

Your spell library contained the following spells:

 Spells                   Type           Power        Failure   Level  Hunger
 Song of Slaying          Chrm           ###.....     1%          2    ##.....


Dungeon Overview and Level Annotations

Branches:
Dungeon (8/15)             Temple (0/1) D:4            Lair (0/6) D:8

Altars:
Dithmenos
Gozag
Kikubaaqudgha
Okawaru
Qazlal
Uskayaw

Shops:
D:5 [   D:6 (

Annotations:
D:7 1 exclusion


Innate Abilities, Weirdness & Mutations

You cannot be hasted, slowed, berserked, paralysed or teleported.
You can dig through walls and to a lower floor.
Your four strong arms can wield two-handed weapons with a shield.
You have a pair of large antennae on your head. (SInv)


Message History

You puncture the centaur zombie!
You destroy the centaur zombie!
Okawaru accepts your kill.
Your transformation is almost over.
The centaur zombie hits you but does no damage.
You puncture the centaur zombie!
The centaur zombie hits you but does no damage.
The mummy completely misses you. The centaur zombie barely misses you.
You puncture the centaur zombie! The centaur zombie hits you.
* * * LOW HITPOINT WARNING * * *
You puncture the centaur zombie!
The centaur zombie hits you but does no damage.
The mummy hits you.
* * * LOW HITPOINT WARNING * * *
You puncture the centaur zombie!
You destroy the centaur zombie!
Okawaru accepts your kill.
The mummy hits you but does no damage. x2
Unknown command.
You cannot move.
Unknown command.
You puncture the mummy! You puncture the mummy! The mummy hits you!
* * * LOW HITPOINT WARNING * * *
The mummy hits you!
* * * LOW HITPOINT WARNING * * *
You feel better.
The hobgoblin zombie hits you but does no damage.
Unknown command.
You barely miss the mummy. The mummy completely misses you. The mummy hits you.
* * * LOW HITPOINT WARNING * * *
The hobgoblin zombie hits you but does no damage.
You hit the mummy.
You destroy the mummy!
Okawaru accepts your kill.
The hobgoblin zombie hits you but does no damage.
Unknown command.
You puncture the mummy! The mummy hits you but does no damage.
You barely miss the mummy.
You feel less wooden.
Your +0 cloak unmelds from your body.
Your +0 pair of gloves unmelds from your body.
Your +0 ring mail unmelds from your body.
The hobgoblin zombie hits you.
* * * LOW HITPOINT WARNING * * *
The mummy barely misses you.
You barely miss the mummy.
The hobgoblin zombie hits you but does no damage.
You hit the mummy. The mummy hits you!
You die...

.......
##.....##
....^..
##.....##
#.......#
#.....#
#.....#
#..Z.M#
#..∩@.#
#.....#
#..∩..#
#.....#
#.....#
#.....#
#.....#
##...##
#####


You could see a mummy and a hobgoblin zombie.

Vanquished Creatures
  2 sky beasts
  2 phantoms
  3 centaurs
  2 ogres
  A bullfrog (D:3)
  3 electric eels (D:7)
  6 centaur zombies (Ossuary)
  2 hounds
  A bullfrog skeleton (D:4)
  A bullfrog zombie (D:6)
  A jelly (D:5)
  3 orc priests
  Crazy Yiuf (D:3)
  4 orc wizards
  Jessica (D:3)
  Ijyb (D:3)
  3 iguanas (D:5)
  A worker ant (D:4)
  A big kobold zombie (Ossuary)
  4 mummies (Ossuary)
  2 worker ant zombies
  A howler monkey zombie (D:5)
  11 adders
  A shadow imp (D:6)
  An adder zombie (D:6)
  2 adder skeletons
  2 worms
  A dart slug (D:3)
  A leopard gecko (D:2)
  16 orcs
  8 bats
  4 giant cockroaches
  9 goblins
  7 hobgoblins
  7 jackals
  5 quokkas
  A ball python (D:2)
  8 frilled lizards
  A giant cockroach zombie (D:6)
  2 hobgoblin zombies (Ossuary)
  6 kobolds
  2 leopard gecko skeletons
  A leopard gecko zombie (D:6)
  A quokka skeleton (D:6)
  2 quokka zombies
  3 rats
148 creatures vanquished.

Vanquished Creatures (others)
  3 spectral weapons
3 creatures vanquished.

Grand Total: 151 creatures vanquished

Notes
Turn   | Place    | Note
-------+----------+-------------------------------------------
     0 | D:1      | LostNumber the Formicid Skald began the quest for the Orb.
     0 | D:1      | Reached XP level 1. HP: 16/16 MP: 3/3
   144 | D:1      | Found an iron altar of Okawaru.
   154 | D:1      | Became a worshipper of Warmaster Okawaru
   228 | D:1      | Reached XP level 2. HP: 22/23 MP: 5/5
   915 | D:2      | Reached XP level 3. HP: 17/28 MP: 0/6
  1138 | D:1      | Learned a level 2 spell: Shroud of Golubria
  1142 | D:1      | Learned a level 3 spell: Regeneration
  1168 | D:2      | Found a hide-covered altar of Uskayaw.
  1307 | D:2      | Reached skill level 1 in Invocations
  1419 | D:2      | HP: 1/28 [worm (9)]
  1422 | D:2      | Reached XP level 4. HP: 2/34 MP: 0/7
  1756 | D:2      | Reached skill level 3 in Polearms
  2195 | D:3      | Found an iron altar of Okawaru.
  2289 | D:3      | Reached XP level 5. HP: 33/40 MP: 9/9
  2639 | D:3      | Noticed Ijyb
  2645 | D:3      | Learned a level 3 spell: Spectral Weapon
  2675 | D:3      | Killed Ijyb
  2797 | D:3      | Noticed Jessica
  2815 | D:3      | Killed Jessica
  2815 | D:3      | Reached * piety under Okawaru
  2933 | D:3      | Noticed a bullfrog
  2942 | D:3      | Killed a bullfrog
  2942 | D:3      | Reached XP level 6. HP: 44/47 MP: 4/10
  3107 | D:3      | Found a runed translucent door.
  3108 | D:3      | Noticed Crazy Yiuf
  3142 | D:3      | Killed Crazy Yiuf
  3352 | D:4      | Noticed a phantom
  3367 | D:4      | Killed a phantom
  3367 | D:4      | Reached skill level 4 in Polearms
  3411 | D:4      | Reached XP level 7. HP: 35/53 MP: 12/12
  3582 | D:4      | HP: 3/79 [orc priest/+0 dagger (2)]
  4114 | D:4      | Found a staircase to the Ecumenical Temple.
  4358 | D:5      | Entered Level 5 of the Dungeon
  4582 | D:5      | Reached skill level 5 in Polearms
  4703 | D:5      | Reached ** piety under Okawaru
  4703 | D:5      | Reached XP level 8. HP: 41/60 MP: 10/14
  4975 | D:5      | Found Arho's Armour Shop.
  4980 | D:5      | Bought a +1 shield of protection for 214 gold pieces
  5676 | D:6      | Reached skill level 1 in Shields
  5789 | D:6      | Reached skill level 6 in Polearms
  5789 | D:6      | Reached skill level 5 in Charms
  6156 | D:6      | Found Vako Oggodu's Weapon Emporium.
  6354 | D:6      | Reached skill level 5 in Fighting
  6364 | D:6      | Found an iron altar of Okawaru.
  6448 | D:6      | Found a shadowy altar of Dithmenos.
  7007 | D:7      | Got a slimy great sword
  7012 | D:7      | Identified the +0 great sword of Cheese {slice, *Noise
                  | +Rage MR- Stlth+} (You found it on level 7 of the Dungeon)
  7021 | D:7      | Found an ancient bone altar of Kikubaaqudgha.
  7059 | D:7      | Reached XP level 9. HP: 51/68 MP: 10/16
  7167 | D:7      | Reached skill level 5 in Spellcasting
  7583 | D:7      | Found a stormy altar of Qazlal.
  7746 | D:8      | Reached skill level 7 in Polearms
  7746 | D:8      | Reached skill level 1 in Hexes
  7761 | D:8      | Found an opulent altar of Gozag.
  7775 | D:8      | Found a sand-covered staircase.
  7780 | Ossuary  | Entered an ossuary
  7787 | Ossuary  | Reached skill level 1 in Necromancy
  7800 | Ossuary  | Reached *** piety under Okawaru
  7837 | Ossuary  | HP: 2/103 [mummy (7)]
  7844 | Ossuary  | Mangled by a mummy

Skill      XL: |  1  2  3  4  5  6  7  8  9 |
---------------+----------------------------+-----
Invocations    | 1 2 3 |  3.0
Polearms       | 3 4 5 6 7 |  7.3
Fighting       | 3 4 5 |  5.8
Spellcasting   | 3 4 5 |  5.0
Charms         | 4 5 |  5.0
Shields        | 2 3 |  3.7
Hexes          | 1 |  1.9
Necromancy     | 1 |  1.5
Armour         | |  1.1
Dodging        | |  1.7

Action                   |  1- 3 |  4- 6 |  7- 9 || total
-------------------------+-------+-------+-------++-------
Melee: Spear             |   152 |   240 |   345 ||   737
       Trident           |       |       |   104 ||   104
       Punch             |       |       |     1 ||     1
 Cast: Infusion          |     5 |     4 |     3 ||    12
       Spectral Weapon   |       |     4 |    20 ||    24
       Shroud of Golubri |       |     1 |       ||     1
       Regeneration      |       |       |    12 ||    12
Invok: Heroism           |       |     1 |     1 ||     2
  Use: Scroll            |       |     5 |     5 ||    10
       Potion            |       |     3 |     4 ||     7
 Stab: Distracted        |       |       |     2 ||     2
  Eat: Chunk             |     2 |     7 |    18 ||    27
Armor: Leather armour    |    13 |       |       ||    13
       Ring mail         |    46 |    71 |   105 ||   222
       Skin              |       |       |    40 ||    40
Dodge: Dodged            |    70 |   107 |   198 ||   375
